 Dungeon Crawl Stone Soup version 0.29-a0-289-g2178c42546 (webtiles) character file.

Game seed: 59172495669208826

49679 Murumi the Warrior (level 14, -2/169 HPs)
             Began as an Ogre Gladiator on Mar 17, 2022.
             Was the Champion of Jiyva.
             Slain by a wolf spider (10 damage)
             ... on level 6 of the Lair of Beasts.
             The game lasted 00:59:01 (14873 turns).

Murumi the Warrior (Ogre Gladiator)                Turns: 14873, Time: 00:59:01

Health: -2/169     AC: 11    Str: 23    XL:     14   Next: 51%
Magic:  15/15      EV: 15    Int: 15    God:    Jiyva [******]
Gold:   1244       SH:  0    Dex: 16    Spells: 13/13 levels left

rFire   + . .      SeeInvis +   r - +9 great mace
rCold   + + .      Faith    +   (shield currently unavailable)
rNeg    . . .      Spirit   .   D - +0 acid dragon scales
rPois   .          Reflect  .   F - +1 hat {SInv}
rElec   .          Harm     .   (no cloak)
rCorr   +          Rampage  .   (gloves unavailable)
Will    +....                   (boots unavailable)
Stlth   +++++.....              u - amulet "Eruup" {Faith rF+ Dex+6}
HPRegen 4.38/turn               G - ring of flight
MPRegen 0.64/turn               (no ring)

@: lethally poisoned (-2 -> -2), flying, studying Stealth
A: large, unfitting armour, tough skin 1, claws 1, iridescent scales 1, see
invisible, clever 2, cold resistance 2, high MP 1, regeneration 3, wild magic 2,
translucent skin 1, sturdy frame 1, engulf
a: Renounce Religion, Oozemancy, Slimify


You were on level 6 of the Lair of Beasts.
You worshipped Jiyva.
Jiyva was exalted by your worship.
You visited 3 branches of the dungeon, and saw 18 of its levels.
You also visited: Ossuary.

You collected 1527 gold pieces.
You spent 283 gold pieces at shops.

Inventory:

Hand Weapons
 r - a +9 great mace (weapon)
 y - a +2 vampiric giant spiked club
Missiles
 d - a throwing net
 e - a large rock
 g - 14 poisoned darts
 h - 489 stones
 B - 10 boomerangs (quivered)
 C - 4 javelins
Armour
 D - +0 acid dragon scales (worn)
 F - a +1 hat of see invisible (worn)
Jewellery
 c - a ring of see invisible
 u - the amulet "Eruup" (around neck) {Faith rF+ Dex+6}
   (You found it on level 6 of the Dungeon)

   [amulet of faith]

   It allows you to gain divine favour quickly.
   Dex:       It affects your dexterity (+6).
   rF:        It protects you from fire.
 G - a ring of flight (left claw)
Wands
 a - a wand of polymorph (12)
 b - a wand of paralysis (19)
 w - a wand of flame (30)
 x - a wand of iceblast (18)
 A - a wand of digging (2)
Scrolls
 q - 2 scrolls of amnesia
 v - 2 scrolls of fear
 z - 2 scrolls of teleportation
 E - a scroll of silence
Potions
 f - 3 potions of heal wounds
 i - 9 potions of lignification
 j - 2 potions of might
 k - a potion of flight
 l - 3 potions of attraction
 m - 3 potions of haste
 n - 4 potions of curing
 o - 3 potions of brilliance
 p - a potion of cancellation
 s - a potion of invisibility {unknown}
 t - 2 potions of berserk rage


   Skills:
 - Level 18.0 Fighting
 - Level 10.0 Maces & Flails
 + Level 11.2 Throwing
 - Level 4.0 Armour
 - Level 10.0 Dodging
 - Level 9.0 Stealth
 - Level 4.0 Evocations


You had 13 spell levels left.
You didn't know any spells.
Your spell library contained the following spells:

 Spells                   Type           Power      Damage    Failure   Level
 Stone Arrow              Conj/Erth      0%         3d7       80%         3
 Animate Armour           Summ/Erth      0%         N/A       99%         4
 Lehudib's Crystal Spear  Conj/Erth      0%         10d2      100%        8


Dungeon Overview and Level Annotations

Branches:
Dungeon (11/15)            Temple (1/1) D:5            Lair (6/6) D:10
  Swamp (0/4) Lair:3        Snake (0/4) Lair:3        Slime (0/5) Lair:6
Ossuary (visited)
    Orc: D:9-12

Altars:
Ashenzari
Cheibriados
Dithmenos
Elyvilon
Fedhas
Gozag
Hepliaklqana
Kikubaaqudgha
Makhleb
Nemelex Xobeh
Okawaru
Qazlal
Ru
Sif Muna
Trog
Uskayaw
Vehumet
Wu Jian
Xom
Yredelemnul
Zin
The Shining One
Jiyva

Shops:
D:3 (   D:4 *   D:7 (:*


Innate Abilities, Weirdness & Mutations

You are too large for most types of armour.
You have tough skin. (AC +1)
You have sharp fingernails.
You are partially covered in iridescent scales. (AC +2)
You have supernaturally acute eyesight. (SInv)
Your mind is very acute. (Int +4)
Your flesh is very cold resistant. (rC++)
You have an increased reservoir of magic. (+10% MP)
You regenerate.
Your spells are harder to cast, but more powerful.
Your translucent skin slightly reduces your foes' accuracy. (Stealth+)
Your movements are slightly less encumbered by armour. (ER -2)
Your melee attacks may engulf your foes in ooze.


Message History

The cane toad attacks as you move away! The cane toad stings you.
The barbed spikes dig painfully into your body as you move.
You feel extremely sick.
The dream sheep ruffle their wool and motes of dream dust sparkle, to no effect.
The dream sheep shake their wool and sparkle.
You feel drowsy...
You fall asleep.
The cane toad barely misses you.
You feel extremely sick. The wolf spider hits you!!
You wake up.
The wolf spider closely misses you.
The wolf spider hits you but does no damage.
The wolf spider misses you.
The cane toad stings you but does no damage.
The barbed spikes dig painfully into your body as you move.
You feel very sick.
The barbed spikes dig painfully into your body as you move.
You feel very sick.
The wolf spider hits you but does no damage.
The wolf spider bites you but does no damage.
The barbed spikes dig painfully into your body as you move.
You feel very sick.
Things that are here:
an elephant corpse; a wyvern corpse; a hydra corpse The wolf spider attacks as you move away!
The wolf spider hits you!
* * * LOW HITPOINT WARNING * * *
The wolf spider barely misses you.
The barbed spikes dig painfully into your body as you move.
* * * LOW HITPOINT WARNING * * *
You feel sick. The wolf spider hits you!
* * * LOW HITPOINT WARNING * * *
The wolf spider completely misses you.
You sock the wolf spider!
The wolf spider is moderately wounded.
You carefully extract the barbed spikes from your body.
You feel very sick. The wolf spider hits you!
* * * LOW HITPOINT WARNING * * *
The wolf spider bites you but does no damage.
The dream sheep ruffles its wool and motes of dream dust sparkle, to no effect.
The wolf spider hits you!
You die...

.........P#..## #.............#
..........#††.######............#
........P.....<..##..............
.......P........P................
................PP..........J....
......###..##..####.P.####..##..#
......# ######## ##### ########
.....#####...#####
...#####.......#@#
######.........s### ...
##....#####.H..### .. #
####.....#.....Y....# ...#
.##.....##...#.....## .#.#
.##P.#...#.......###}###s..
.###...########...#.......###
.##..#.....##.....#...#Y#...#
.##........##.....#.........#


You could see a wolf spider, a manticore and a dream sheep.

Vanquished Creatures
  Gastronok (Lair:2)
  2 boulder beetles
  9 hydras
  2 catoblepae
  5 death yaks
  2 bog bodies (Lair:3)
  An oklob plant (Lair:3)
  15 elephants (Lair:6)
  A wolf spider (Lair:6)
  The ghost of abdbla the Covered, a novice MiFi (D:6)
  11 cane toads
  4 black mambas
  A torpor snail (Lair:4)
  A gargoyle (D:10)
  4 komodo dragons
  4 rime drakes
  3 polar bears
  A troll (D:9)
  2 hornets
  Prince Ribbit (D:5)
  21 blink frogs
  Grinder (D:3)
  The ghost of flt the Sneak, an amateur TeDe (D:5)
  6 wyverns
  64 yaks
  2 shadows
  A steam dragon (D:7)
  A basilisk (Lair:3)
  Menkaure (D:5)
  16 water moccasins
  An acid dragon (D:9)
  2 nagas (Lair:3)
  2 orc warriors
  A sky beast (D:5)
  An ice beast (D:7)
  4 black bears
  9 wolves
  6 ogres
  3 centaurs
  2 phantoms
  A gnoll sergeant (D:9)
  8 bullfrogs
  3 necrophages
  16 scorpions
  19 wights
  2 electric eels
  2 howler monkeys (D:9)
  A centaur zombie (Ossuary)
  2 hounds (D:5)
  A human zombie (Ossuary)
  8 orc priests
  A centaur skeleton (D:6)
  Jessica (D:2)
  3 iguanas
  3 orc wizards (D:9)
  7 scorpion zombies (Ossuary)
  4 mummies
  A spectral howler monkey (D:6)
  6 gnolls
  A howler monkey skeleton (D:6)
  5 adders
  A howler monkey simulacrum (D:6)
  2 ufetubi
  A dart slug (D:4)
  38 orcs
  2 endoplasms (D:1)
  A giant cockroach (D:3)
  8 goblins
  4 hobgoblins
  A jackal (D:4)
  2 quokkas
  6 ball pythons
  2 bats (D:3)
  4 frilled lizards
  4 gnoll zombies (Ossuary)
  A goblin zombie (Ossuary)
  3 hobgoblin zombies (Ossuary)
  9 kobolds
  2 kobold zombies (Ossuary)
  4 rats
  A bush (Lair:3)
407 creatures vanquished.

Vanquished Creatures (collateral kills)
  A kobold (D:1)
  A quokka (D:1)
2 creatures vanquished.

Vanquished Creatures (others)
  A slime creature (Lair:6)
  A yak (Lair:4)
  2 basilisks
  4 water moccasins
  A kobold brigand (D:6)
  5 bullfrogs
  A scorpion (Ossuary)
  2 wights (D:9)
  50 jellies
  A scorpion zombie (Ossuary)
  An orc wizard (D:8)
  A gnoll (D:9)
  A white imp (D:6)
  3 orcs
  A giant cockroach (D:2)
  A goblin (D:1)
  2 hobgoblins
  5 kobolds
  A quokka (D:4)
  A bat (D:2)
  An orc zombie (Ossuary)
  A rat (D:1)
  4 butterflies (Lair:4)
  173 fungi
  160 plants
424 creatures vanquished.

Grand Total: 833 creatures vanquished

Notes
Turn   | Place    | Note
-------+----------+-------------------------------------------
     0 | D:1      | Murumi the Ogre Gladiator began the quest for the Orb.
     0 | D:1      | Reached XP level 1. HP: 22/22 MP: 1/1
   195 | D:1      | Reached skill level 3 in Fighting
   195 | D:1      | Reached XP level 2. HP: 30/31 MP: 2/2
   454 | D:1      | Found a faded altar of an unknown god.
   463 | D:1      | Reached XP level 3. HP: 34/37 MP: 3/3
   463 | D:1      | Prayed at the altar of an unknown god.
   463 | D:1      | Became a worshipper of Jiyva Jufylor the Shapeless
   463 | D:1      | Reached * piety under Jiyva
  1134 | D:2      | Reached ** piety under Jiyva
  1342 | D:2      | Noticed Jessica
  1351 | D:2      | Killed Jessica
  1352 | D:2      | Reached skill level 4 in Fighting
  1352 | D:2      | Reached XP level 4. HP: 45/48 MP: 4/4
  1427 | D:2      | Reached skill level 1 in Armour
  2040 | D:3      | Noticed Grinder
  2059 | D:3      | Killed Grinder
  2060 | D:3      | Reached skill level 1 in Stealth
  2060 | D:3      | Reached skill level 5 in Fighting
  2060 | D:3      | Reached skill level 6 in Fighting
  2060 | D:3      | Reached XP level 5. HP: 59/59 MP: 5/5
  2060 | D:3      | Reached XP level 6. HP: 67/67 MP: 6/6
  2082 | D:3      | Reached *** piety under Jiyva
  2091 | D:3      | Found Jaimaxev's Weapon Boutique.
  2114 | D:3      | Gained mutation: You are covered in slimy tendrils that may
                  | disarm your opponents. [Jiyva's grace]
  2114 | D:3      | Gained mutation: Your flesh is cold resistant. (rC+)
                  | [Jiyva's grace]
  2114 | D:3      | Gained mutation: Your flesh is very cold resistant. (rC++)
                  | [Jiyva's grace]
  2114 | D:3      | Gained mutation: Your flesh is almost immune to the effects
                  | of cold. (rC+++) [Jiyva's grace]
  2837 | D:4      | Reached skill level 7 in Fighting
  2848 | D:4      | Found Buafuse's General Store.
  2858 | D:4      | Reached **** piety under Jiyva
  2900 | D:4      | Reached XP level 7. HP: 73/78 MP: 7/7
  3028 | D:4      | Reached skill level 8 in Fighting
  3171 | D:4      | Found an ancient bone altar of Kikubaaqudgha.
  3628 | D:5      | Entered Level 5 of the Dungeon
  3628 | D:5      | Noticed Prince Ribbit
  3756 | D:5      | Noticed Menkaure
  3772 | D:5      | Killed Menkaure
  3855 | D:5      | Reached XP level 8. HP: 80/88 MP: 8/8
  3942 | D:5      | Found a transporter.
  3954 | D:5      | Found a transporter.
  3955 | D:5      | Found a staircase to the Ecumenical Temple.
  4004 | D:5      | Killed Prince Ribbit
  4005 | D:5      | Reached skill level 5 in Throwing
  4010 | Temple   | Entered the Ecumenical Temple
  4129 | D:5      | Reached skill level 9 in Fighting
  4279 | D:5      | Noticed flt's ghost (amateur TeDe)
  4440 | D:5      | Reached skill level 5 in Maces & Flails
  4440 | D:5      | Killed flt's ghost
  4441 | D:5      | Reached skill level 5 in Dodging
  4441 | D:5      | Reached XP level 9. HP: 56/98 MP: 9/9
  4508 | D:6      | Found a runed translucent gate.
  4508 | D:6      | Found a runed translucent gate.
  4508 | D:6      | Found a runed translucent gate.
  4634 | D:6      | Gained mutation: Your translucent skin slightly reduces
                  | your foes' accuracy. (Stealth+) [Jiyva's grace]
  4634 | D:6      | Gained mutation: Your translucent skin reduces your foes'
                  | accuracy. (Stealth+) [Jiyva's grace]
  4634 | D:6      | Gained mutation: Your transparent skin significantly
                  | reduces your foes' accuracy. (Stealth+) [Jiyva's grace]
  4634 | D:6      | Gained mutation: You have a pair of small horns on your
                  | head. [Jiyva's grace]
  4675 | D:6      | Found a sand-covered staircase.
  4690 | Ossuary  | Entered an ossuary
  4713 | Ossuary  | Reached skill level 1 in Evocations
  4808 | Ossuary  | Reached skill level 10 in Fighting
  5205 | D:6      | Identified the amulet "Eruup" {Faith rF+ Dex+6}
  5318 | D:6      | Reached skill level 11 in Fighting
  5345 | D:6      | Found a shimmering blue altar of Sif Muna.
  5474 | D:6      | Noticed abdbla's ghost (novice MiFi)
  5550 | D:6      | Found an opulent altar of Gozag.
  5733 | D:6      | Killed abdbla's ghost
  5734 | D:6      | Reached XP level 10. HP: 58/113 MP: 10/10
  5898 | D:7      | Paralysed by a hornet for 1 turns
  5955 | D:7      | Found a snail-covered altar of Cheibriados.
  6145 | D:7      | Reached skill level 12 in Fighting
  6151 | D:7      | Found Udaitun's Assorted Antiques.
  6153 | D:7      | Found Wuric's Book Emporium.
  6154 | D:7      | Found Gain's Antique Weapon Shop.
  6169 | D:7      | Bought a giant spiked club for 43 gold pieces
  6235 | D:7      | Reached ***** piety under Jiyva
  6516 | D:8      | Gained mutation: You are covered in fur. (AC +1) [Jiyva's
                  | grace]
  6516 | D:8      | Gained mutation: You are covered in thick fur. (AC +2)
                  | [Jiyva's grace]
  6516 | D:8      | Gained mutation: Your thick and shaggy fur keeps you warm.
                  | (AC +3, rC+) [Jiyva's grace]
  6516 | D:8      | Gained mutation: You have an increased reservoir of magic.
                  | (+10% MP) [Jiyva's grace]
  6839 | D:8      | Found a shadowy altar of Dithmenos.
  7649 | D:9      | Paralysed by a hornet for 1 turns
  7823 | D:9      | Found a hide-covered altar of Uskayaw.
  7848 | D:9      | Reached XP level 11. HP: 33/123 MP: 12/12
  8251 | D:9      | Found a basalt altar of Yredelemnul.
  8257 | D:9      | Reached ****** piety under Jiyva
  8257 | D:9      | Lost mutation: Your transparent skin significantly reduces
                  | your foes' accuracy. (Stealth+) [Jiyva's grace]
  8257 | D:9      | Gained mutation: Your spells are a little harder to cast,
                  | but a little more powerful. [Jiyva's grace]
  8257 | D:9      | Gained mutation: Your spells are harder to cast, but more
                  | powerful. [Jiyva's grace]
  8257 | D:9      | Gained mutation: Your spells are much harder to cast, but
                  | much more powerful. [Jiyva's grace]
  8257 | D:9      | Gained mutation: You are partially covered in iridescent
                  | scales. (AC +2) [Jiyva's grace]
  8407 | D:10     | Entered Level 10 of the Dungeon
  8508 | D:10     | Found a staircase to the Lair.
  8550 | D:10     | Reached skill level 13 in Fighting
  9040 | D:10     | Found a sacrificial altar of Ru.
  9158 | Lair:1   | Entered Level 1 of the Lair of Beasts
  9217 | Lair:1   | Identified the +10 mace of Premature Burial {freeze, *Slow
                  | rF+ SInv}
  9608 | Lair:1   | Lost mutation: Your thick and shaggy fur keeps you warm.
                  | (AC +3, rC+) [Jiyva's grace]
  9608 | Lair:1   | Lost mutation: You are covered in thick fur. (AC +2)
                  | [Jiyva's grace]
  9608 | Lair:1   | Lost mutation: Your spells are much harder to cast, but
                  | much more powerful. [Jiyva's grace]
  9608 | Lair:1   | Gained mutation: Your movements are slightly less
                  | encumbered by armour. (ER -2) [Jiyva's grace]
  9608 | Lair:1   | Gained mutation: Your movements are less encumbered by
                  | armour. (ER -4) [Jiyva's grace]
  9608 | Lair:1   | Gained mutation: Your movements are significantly less
                  | encumbered by armour. (ER -6) [Jiyva's grace]
  9608 | Lair:1   | Gained mutation: Your transparent skin significantly
                  | reduces your foes' accuracy. (Stealth+) [Jiyva's grace]
  9958 | D:4      | Bought a scroll of brand weapon for 240 gold pieces
 10186 | Lair:2   | Identified a scroll of acquirement
 10186 | Lair:2   | Acquired a manual of Stealth
 10190 | Lair:2   | Noticed a boulder beetle
 10210 | Lair:2   | Killed a boulder beetle
 10211 | Lair:2   | Reached skill level 14 in Fighting
 10211 | Lair:2   | Reached XP level 12. HP: 100/139 MP: 13/13
 10254 | Lair:2   | Acquired 993 gold pieces
 10287 | Lair:2   | Reached skill level 5 in Stealth
 10443 | Lair:2   | Noticed a catoblepas
 10444 | Lair:2   | Noticed Gastronok
 10452 | Lair:2   | Killed a catoblepas
 10463 | Lair:2   | Killed Gastronok
 10537 | Lair:2   | Reached skill level 10 in Throwing
 11050 | Lair:3   | Noticed a five-headed hydra
 11052 | Lair:3   | Killed a five-headed hydra
 11053 | Lair:3   | Reached skill level 15 in Fighting
 11126 | Lair:3   | Lost mutation: You are covered in fur. (AC +1) [Jiyva's
                  | grace]
 11126 | Lair:3   | Gained mutation: Your rubbery body absorbs attacks. (AC +1,
                  | EV +1) [Jiyva's grace]
 11126 | Lair:3   | Gained mutation: Your pliable body absorbs attacks. (AC +2,
                  | EV +2) [Jiyva's grace]
 11126 | Lair:3   | Gained mutation: Your gelatinous body deflects attacks. (AC
                  | +3, EV +3) [Jiyva's grace]
 11126 | Lair:3   | Gained mutation: You have sharp fingernails. [Jiyva's
                  | grace]
 11196 | Lair:3   | Noticed a five-headed hydra
 11210 | Lair:3   | Killed a five-headed hydra
 11212 | Lair:3   | Found a staircase to the Snake Pit.
 11537 | Lair:3   | Found a staircase to the Swamp.
 11546 | Lair:3   | Reached XP level 13. HP: 140/149 MP: 14/14
 11898 | Lair:4   | Reached skill level 16 in Fighting
 12437 | Lair:4   | Found a runed translucent door.
 12472 | Lair:4   | Identified the ring "Racofe Ashu" {Fire rElec rN+ Will++
                  | Slay-6}
 12832 | Lair:5   | Lost mutation: Your gelatinous body deflects attacks. (AC
                  | +3, EV +3) [Jiyva's grace]
 12832 | Lair:5   | Lost mutation: Your pliable body absorbs attacks. (AC +2,
                  | EV +2) [Jiyva's grace]
 12832 | Lair:5   | Lost mutation: Your movements are significantly less
                  | encumbered by armour. (ER -6) [Jiyva's grace]
 12832 | Lair:5   | Lost mutation: Your movements are less encumbered by
                  | armour. (ER -4) [Jiyva's grace]
 12832 | Lair:5   | Gained mutation: Your natural rate of healing is unusually
                  | fast. [Jiyva's grace]
 12832 | Lair:5   | Gained mutation: You heal very quickly. [Jiyva's grace]
 12832 | Lair:5   | Gained mutation: You regenerate. [Jiyva's grace]
 12832 | Lair:5   | Gained mutation: You possess an exceptional clarity of
                  | mind. [Jiyva's grace]
 13337 | Lair:5   | Found a shimmering altar of Xom.
 14002 | Lair:6   | Entered Level 6 of the Lair of Beasts
 14043 | Lair:6   | Reached skill level 17 in Fighting
 14158 | Lair:6   | Reached XP level 14. HP: 160/166 MP: 15/15
 14226 | Lair:6   | Reached skill level 10 in Maces & Flails
 14314 | Lair:6   | Found a staircase to the Slime Pits.
 14336 | Lair:6   | Reached skill level 10 in Dodging
 14511 | Lair:6   | Lost mutation: You have a pair of small horns on your head.
                  | [Jiyva's grace]
 14511 | Lair:6   | Lost mutation: You possess an exceptional clarity of mind.
                  | [Jiyva's grace]
 14511 | Lair:6   | Lost mutation: Your flesh is almost immune to the effects
                  | of cold. (rC+++) [Jiyva's grace]
 14511 | Lair:6   | Lost mutation: Your rubbery body absorbs attacks. (AC +1,
                  | EV +1) [Jiyva's grace]
 14511 | Lair:6   | Lost mutation: Your transparent skin significantly reduces
                  | your foes' accuracy. (Stealth+) [Jiyva's grace]
 14511 | Lair:6   | Lost mutation: Your translucent skin reduces your foes'
                  | accuracy. (Stealth+) [Jiyva's grace]
 14511 | Lair:6   | Lost mutation: You are covered in slimy tendrils that may
                  | disarm your opponents. [Jiyva's grace]
 14511 | Lair:6   | Gained mutation: Your mind is acute. (Int +2) [Jiyva's
                  | grace]
 14511 | Lair:6   | Gained mutation: Your mind is very acute. (Int +4) [Jiyva's
                  | grace]
 14511 | Lair:6   | Gained mutation: You have supernaturally acute eyesight.
                  | (SInv) [Jiyva's grace]
 14511 | Lair:6   | Gained mutation: Your melee attacks may engulf your foes in
                  | ooze. [Jiyva's grace]
 14805 | Lair:6   | Reached skill level 18 in Fighting
 14873 | Lair:6   | HP: 8/169 [wolf spider (13)]
 14873 | Lair:6   | Slain by a wolf spider

Illustrated notes

Levels and vault maps discovered:
D:1:      scummos_arrival_gate, layout_rooms, nicolae_ecumenical_snake_handling
D:2:      layout_basic, kennysheep_small_spiral, uniq_jessica
D:3:      layout_basic, serial_shops, nicolae_shop_bloodbath_and_beyond,
          minmay_door_square, grunt_ministairs_3, uniq_grinder
D:4:      kennysheep_big_flooded_room, layout_cave_pods,
          kiku_gazebo_pond_becter, serial_shops, shop, hex_tiny
D:5:      layout_rooms, minmay_temple_entry_drinking_statues,
          gammafunk_ghost_smash, uniq_menkaure, uniq_prince_ribbit1
D:6:      layout_loops_ring, mainiacjoe_overflow_surrounded_room,
          nicolae_gozag_cash_rules_everything_around_me,
          gammafunk_ghost_necromancy, enter_ossuary_1
D:7:      layout_rooms, slow_altar_1, nicolae_wooded_promenade
D:8:      layout_basic, marbit_many_paths
D:9:      layout_irregular_city, lemuel_tele_altar, overflow_temple_1_default,
          kennysheep_donut
D:10:     layout_roguey, nicolae_ru_path_of_blood, due_lair_maze_entry_diamond,
          special_room [special_room_orc], hive_lemuel
D:11:     layout_loops_corners, kennysheep_orc_monster_closet_entryway
Temple:   nicolae_temple_great_sept
Lair:1:   layout_loops_ring, lemuel_fruit_tree
Lair:2:   layout_chaotic_city, dreamdust_mushroom_princess,
          nzn_sisyphean_effort, uniq_gastronok
Lair:3:   layout_chaotic_city, skrybe_swamp_entry_bodies,
          guppyfry_snake_entry_garden, minmay_lair_oklob_bushes
Lair:4:   layout_concentric_octagons, pf_torpor_hydra, grunt_megastairs_5,
          lemuel_fruit_fields
Lair:5:   layout_layer_cave, basic_altar, minivault_26
Lair:6:   hangedman_lair_in_review, layout_gridlike, minmay_slime_entry_pillars

Skill      XL: |  1  2  3  4  5  6  7  8  9 10 11 12 13 14 |
---------------+-------------------------------------------+-----
Fighting       | 3 4 6 7 8 9 11 12 14 15 17 18 | 18.0
Maces & Flails | 3 4 5 6 7 8 9 10 | 10.0
Dodging        | 3 4 5 7 8 9 10 | 10.0
Throwing       | 3 4 5 7 8 9 10 11 | 11.2
Armour         | 1 2 3 4 |  4.0
Stealth        | 1 2 3 7 8 9 |  9.0
Evocations     | 2 3 4 |  4.0

Action                   |  1- 3 |  4- 6 |  7- 9 | 10-12 | 13-15 || total
-------------------------+-------+-------+-------+-------+-------++-------
Melee: Flail             |     8 |       |       |       |       ||     8
       Whip              |    68 |   101 |   140 |       |       ||   309
       Punch             |     1 |     1 |     1 |       |       ||     3
       Great mace        |       |       |   124 |   454 |   383 ||   961
       Headbutt          |       |       |    32 |    84 |    76 ||   192
Throw: Stone             |    18 |    52 |    66 |       |       ||   136
       Throwing net      |       |     1 |     1 |       |       ||     2
       Large rock        |       |     1 |       |     1 |       ||     2
       Boomerang         |       |       |       |    10 |       ||    10
Invok: Oozemancy         |       |       |     3 |       |       ||     3
  Use: Scroll            |     2 |     2 |    11 |    15 |     2 ||    32
 Stab: Sleeping          |       |     1 |     4 |     8 |    10 ||    23
       Held in net/web   |       |       |     1 |       |       ||     1
       Distracted        |       |       |       |     1 |     3 ||     4
       Petrified         |       |       |       |       |     2 ||     2
Armor: Robe              |    10 |    22 |    43 |    27 |       ||   102
       Acid dragon scale |       |       |       |    98 |   181 ||   279
Dodge: Dodged            |    34 |    42 |   158 |   400 |   612 ||  1246

Table legend: (Time is in decaauts)
 A = Elapsed time spent in this place.
 B = Non-inter-level travel time spent in this place.
 C = Inter-level travel time spent in this place.
 D = Time resting spent in this place.
 E = Time spent auto-exploring this place.
 F = Levels seen in this place.
 G = Mean time per level.
                   A        B        C        D        E       F      G
               +--------+--------+--------+--------+--------+-----+--------+
         Total |  15214 |  13512 |   1702 |     40 |  10107 |  19 |  800.7 |
       Dungeon |   9181 |   7851 |   1330 |     36 |   6127 |  11 |  834.6 |
        Temple |     84 |     71 |     13 |      0 |     60 |   1 |   84.0 |
          Lair |   5534 |   5176 |    358 |      0 |   3888 |   6 |  922.3 |
       Ossuary |    415 |    415 |      0 |      4 |     32 |   1 |  415.0 |
               +--------+--------+--------+--------+--------+-----+--------+

Top non-repeatable levels by time:
  Lair:5: 1184 daAuts
     D:9: 1165 daAuts
     D:4: 1140 daAuts
  Lair:4: 1046 daAuts
     D:8: 1036 daAuts
     D:6: 1003 daAuts
     D:1: 969 daAuts
  Lair:2: 937 daAuts
     D:2: 885 daAuts
  Lair:6: 869 daAuts
     D:5: 868 daAuts
  Lair:3: 828 daAuts
    D:10: 760 daAuts
     D:3: 738 daAuts
  Lair:1: 666 daAuts
